 Dungeon Crawl Stone Soup version 0.31-a0-986-g5e6e4ef867 (webtiles) character file.

Game seed: 9422707967280786291

23 Skeral the Cudgeller (level 3, -6/33 HPs)
             Began as a Meteoran Cinder Acolyte on Nov 17, 2023.
             Was a High Priest of Ignis.
             Mangled by Grinder (9 damage)
             ... while paralysed by Grinder
             ... on level 4 of the Dungeon on Nov 18, 2023.
             The game lasted 00:04:06 (439 turns).

Skeral the Cudgeller (Meteoran Cinder Acolyte)       Turns: 439, Time: 00:04:07

Health: -6/33      AC:  2    Str: 15    XL:     3   Next: 29%
Magic:  1/6        EV:  2    Int: 17    God:    Ignis [*****.]
Gold:   66         SH:  0    Dex: 10    Spells: 2/4 levels left

rFire   + . .        a - -1 mace (flame)
rCold   . . .        (no shield)
rNeg    + . .        b - +0 robe
rPois   .            (no helmet)
rElec   .            (no cloak)
rCorr   .            (no gloves)
SInv    .            (no boots)
Will    .....        (no amulet)
Stlth   +            N - ring of positive energy
HPRegen 0.25/turn    (no ring)
MPRegen 0.10/turn

%: no passive effects
@: paralysed, glowing, studying Conjurations
A: sense surroundings 1, otherworldly, glowing, explore regen
a: Renounce Religion, Fiery Armour, Foxfire Swarm, Rising Flame


You were on level 4 of the Dungeon.
You worshipped Ignis.
Ignis was extremely pleased with you.
You visited 1 branch of the dungeon, and saw 4 of its levels.

You collected 66 gold pieces.


Innate Abilities, Weirdness & Mutations

You passively map a small area around you.
You are easily found by Zot.
You glow in the dark.
You regain HP and MP as you explore.


   Skills:
 + Level 3.7 Fighting
 + Level 4.6 Maces & Flails
 - Level 1.3 Spellcasting
 - Level 4.0 Fire Magic


You had 2 spell levels left.
You knew the following spells:

 Your Spells              Type           Power      Damage    Failure   Level
X - Scorch                Fire           28%        2d6       6%          2

Your spell library contained the following spells:

 Spells                   Type           Power      Damage    Failure   Level


Inventory:

Hand Weapons
 a - a -1 mace of flaming (weapon)
Missiles
 h - 2 throwing nets {=f!f}
Armour
 b - a +0 robe (worn)
Jewellery
 N - a ring of positive energy (left hand)
   (You found it on level 3 of the Dungeon)
Scrolls
 c - a scroll of fear {unknown}
 d - a scroll of enchant armour {unknown}
 e - a scroll of silence {unknown}
 g - a scroll of vulnerability {unknown}
 i - a scroll of amnesia {unknown}
Potions
 f - 2 potions of mutation {unknown}

Dungeon Overview and Level Annotations

Branches:
Dungeon (4/15) Zot: 1951
 Temple: D:4-7

Altars:
The Shining One

Annotations:
D:4 Grinder

* * * *..## , # ..#* # * ,
#.#.# .# ##+## * #.#.##.#
##...# ** * ...... ##.....
, . *#..## ##.....)
,....########...####.......
..!w.....@5.......'.......
,.#.#########...####.......
* , *#..## ##...... * *
#..## ##..... * #.## ##...#
#. #..).. #. #.#.## #.
#.#.## #.#)##


You could see Grinder (combustible) and a worm.


Message History

😕 MP[-2]
You lost 2 mp, and now have 2/6 mp.
Casting: Scorch (safe; 6% risk of failure)
Confirm with . or Enter, or press ? or * to list all spells.
Flames lash Grinder but do no damage.
Grinder closely misses you. 😎 HP[+1] MP[-2]
Your hp is fully restored (33).
You lost 2 mp, and now have 0/6 mp.
You closely miss Grinder. Grinder hits you.
You writhe in agony. 😕 HP[-4]
You take 4 damage, and now have 29/33 hp.
You hit Grinder. You burn Grinder. Grinder barely misses you.
You closely miss Grinder.
Grinder is no longer more vulnerable to fire.
Grinder barely misses you. Grinder hits you.
You writhe in agony. 😕 HP[-3] MP[+1]
You take 3 damage, and now have 26/33 hp.
You closely miss Grinder. Grinder barely misses you.
You barely miss Grinder. Grinder hits you.
You writhe in agony. 😮 HP[-6]
You take 6 damage, and now have 20/33 hp.
You barely miss Grinder. You punch Grinder, but do no damage.
Grinder blinks!
Grinder gestures at you. Pain shoots through your body!
* * * LOW HITPOINT WARNING * * *
😨 HP[-4]
You take 4 damage, and now have 16/33 hp.
Grinder closely misses you.
You hit Grinder but do no damage. Grinder hits you.
* * * LOW HITPOINT WARNING * * *
You writhe in agony.
* * * LOW HITPOINT WARNING * * *
😨 HP[-6]
You take 6 damage, and now have 10/33 hp.
You barely miss Grinder. Grinder gestures at you.
Pain shoots through your body!
* * * LOW HITPOINT WARNING * * *
Grinder gestures at you.
You resist with significant effort. 😨 MP[+1]
Casting: Scorch (safe; 6% risk of failure)
Confirm with . or Enter, or press ? or * to list all spells.
Flames lash Grinder.
Grinder's fire resistance burns away.
Grinder gestures at you. Pain shoots through your body!
* * * LOW HITPOINT WARNING * * *
😱 HP[-5] MP[-2]
You take 5 damage, and now have 5/33 hp.
You lost 2 mp, and now have 0/6 mp. 😱 HP[+1]
You open the door. 😱 HP[+2]
You regained 2 hp, and now have 8/33 hp.
You hit Grinder but do no damage.
Grinder is no longer more vulnerable to fire.
Grinder hits you!
* * * LOW HITPOINT WARNING * * *
😱 HP[-7]
You take 7 damage, and now have 1/33 hp.
MASSIVE DAMAGE!! (PAUSE)
There is an open door here. 😱 HP[+1] Grinder attacks as she pursues you!
Grinder hits you but does no damage. Grinder attacks as she pursues you!
Grinder misses you. 😱 HP[+1] 😱 HP[+1] Grinder attacks as she pursues you!
Grinder misses you. 😱 HP[+1] MP[+1] Grinder attacks as she pursues you!
Grinder closely misses you. Grinder attacks as she pursues you!
Grinder barely misses you. 😱 MP[+1] Grinder blinks!
Casting: Scorch (safe; 6% risk of failure)
Confirm with . or Enter, or press ? or * to list all spells.
You can't see any susceptible monsters within range! (Use Z to cast anyway.) Grinder says, "Wait up."
Grinder blinks! 😱 HP[+1] Grinder gestures at you.
You resist with significant effort. Grinder gestures at you.
Pain shoots through your body!
* * * LOW HITPOINT WARNING * * *
😱 HP[-4]
You take 4 damage, and now have 2/33 hp.
Unknown command.
A worm comes into view.
Grinder gestures at you.
You resist with significant effort. 😱 HP[+1]
Casting: Scorch (safe; 6% risk of failure)
Confirm with . or Enter, or press ? or * to list all spells.
Flames lash Grinder.
Grinder's fire resistance burns away. 😱 MP[-2]
You lost 2 mp, and now have 0/6 mp.
Grinder gestures at you.
You suddenly lose the ability to move!
Grinder hits you!
You die...
Grinder says, "Now the real fun starts!"

Skill      XL: |  1  2 |
---------------+-------+-----
Fire Magic     | 4 |  4.0
Fighting       | |  3.7
Maces & Flails | |  4.6
Spellcasting   | |  1.3

Action                     || total
---------------------------++-------
  Melee: Mace              ||    55
         Punch             ||     1
   Cast: Scorch            ||    10
 Armour: Robe              ||    30
  Dodge: Dodged            ||    33

Levels and vault maps discovered:
D:1:      tarquinn_simple_flora_water_a, layout_basic, serial_shops, shop
D:2:      layout_basic, chequers_ecumenical_altar_island, basic_altar
D:3:      layout_loops_ring, serial_shops, shop, uniq_robin, uniq_natasha
D:4:      layout_loops_corners, uniq_grinder, uniq_duvessa

Notes
Turn   | Place    | Note
-------+----------+-------------------------------------------
     0 | D:1      | Skeral the Meteoran Cinder Acolyte began the quest for the
                  | Orb.
     0 | D:1      | Reached XP level 1. HP: 19/19 MP: 3/3
     0 | D:1      | magus.rc [v1.10.3]
   109 | D:1      | Reached XP level 2. HP: 23/26 MP: 5/5
   152 | D:1      | Learned a level 2 spell: Scorch
   256 | D:2      | Reached skill level 4 in Fire Magic
   290 | D:2      | Reached XP level 3. HP: 33/33 MP: 6/6
   299 | D:2      | Found a glowing golden altar of the Shining One.
   376 | D:4      | Noticed Grinder
   388 | D:4      | Paralysed by Grinder for 5 turns
   397 | D:4      | Paralysed by Grinder for 2 turns
   400 | D:4      | Paralysed by Grinder for 5 turns
   419 | D:4      | HP: 5/33 [Grinder/nerve-wracking pain (5)]
   423 | D:4      | HP: 1/33 [Grinder (7)]
   434 | D:4      | HP: 2/33 [Grinder/nerve-wracking pain (4)]
   438 | D:4      | Paralysed by Grinder for 5 turns
   439 | D:4      | Mangled by Grinder

Vanquished Creatures
  A dart slug (D:2)
  An orc (D:4)
  A bat (D:2)
  2 endoplasms
  A giant cockroach (D:1)
  3 goblins
  3 kobolds
  A quokka (D:1)
  2 ball pythons (D:1)
  2 frilled lizards (D:1)
  A rat (D:3)
18 creatures vanquished.

Table legend:
 A = Non-vault XP
 B = Vault XP
 C = Vault XP percentage of total XP
 D = Non-vault monster count
 E = Vault monster count
 F = Vault count percentage of total count
                 A         B        C        D         E       F
            +---------+---------+-------+---------+---------+-------
      Total |      34 |       0 |   0.0 |      18 |       0 |   0.0
            +---------+---------+-------+---------+---------+-------
        D:1 |      17 |       0 |   0.0 |      10 |       0 |   0.0
        D:2 |       8 |       0 |   0.0 |       3 |       0 |   0.0
        D:3 |       3 |       0 |   0.0 |       2 |       0 |   0.0
        D:4 |       6 |       0 |   0.0 |       3 |       0 |   0.0
            +---------+---------+-------+---------+---------+-------

Skill      XL: |  1  2 |
---------------+-------+-----
Fire Magic     | 4 |  4.0
Fighting       | |  3.7
Maces & Flails | |  4.6
Spellcasting   | |  1.3

Action                     || total
---------------------------++-------
  Melee: Mace              ||    55
         Punch             ||     1
   Cast: Scorch            ||    10
 Armour: Robe              ||    30
  Dodge: Dodged            ||    33

Illustrated notes

Table legend:
 A = Kills in this place as a percentage of kills in the entire game.
 B = Kills by you in this place as a percentage of kills by you in the entire game.
 C = Kills by friends in this place as a percentage of kills by friends in the entire game.
 D = Other kills in this place as a percentage of other kills in the entire game.
 E = Experience gained in this place as a percentage of experience gained in the entire game.
 F = Experience gained in this place divided by the number of levels of this place that you have seen.
                   A       B       C       D       E      F
               +-------+-------+-------+-------+-------+----------------------
         Total | 100.0 | 100.0 |   N/A |   N/A | 100.0 |   8.5
       Dungeon | 100.0 | 100.0 |   N/A |   N/A | 100.0 |   8.5
               +-------+-------+-------+-------+-------+----------------------

Table legend: (Time is in decaauts)
 A = Elapsed time spent in this place.
 B = Non-inter-level travel time spent in this place.
 C = Inter-level travel time spent in this place.
 D = Time resting spent in this place.
 E = Time spent auto-exploring this place.
 F = Levels seen in this place.
 G = Mean time per level.
                   A        B        C        D        E       F      G
               +--------+--------+--------+--------+--------+-----+--------+
         Total |    448 |    443 |      5 |      0 |      8 |   4 |  112.0 |
       Dungeon |    448 |    443 |      5 |      0 |      8 |   4 |  112.0 |
               +--------+--------+--------+--------+--------+-----+--------+

Top non-repeatable levels by time:
     D:1: 252 daAuts
     D:4: 77 daAuts
     D:2: 62 daAuts
     D:3: 54 daAuts
